RL
MOBILE MINOTAURS @ BELLE RIVER BOMBERS
05/05/2060
 
TOP OF THE 1ST
Mobile Minotaurs batting - Pitching for Belle River Bombers : RHP Canard Bernard
Pitching: RHP Canard Bernard
Batting: SHB Peyton Eckstein 0-0: Called Strike
0-1: Ball
1-1: Ground out 5-3 (Groundball, 5L, EV 80.0 MPH)
Batting: LHB Gerard Labdouni 0-0: Swinging Strike
0-1: Foul Ball, location: 2F
0-2: SINGLE (Flyball, 8RM, EV 77.5 MPH)
Batting: LHB Mel Detwiler 0-0: Fly out, F9 (Flyball, 89D, EV 82.5 MPH)
Batting: RHB Dennis McCoy 0-0: Foul Ball, location: 2F
0-1: Foul Ball, location: 2F
0-2: Ball
1-2: Ball
Gerard Labdouni steals 2nd base
2-2: Foul Ball, location: 2F
2-2: Foul Ball, location: 2F
2-2: Ball
3-2: Strikes out looking
Top of the 1st over - 0 runs, 1 hit, 0 errors, 1 left on base; Mobile 0 - Belle River 0
BOTTOM OF THE 1ST
Belle River Bombers batting - Pitching for Mobile Minotaurs : RHP Mark Kenney
Pitching: RHP Mark Kenney
Batting: RHB Ny Medrano 0-0: Foul Ball, location: 2F
0-1: Swinging Strike
0-2: Foul Ball, location: 2F
0-2: Strikes out swinging
Batting: RHB Jovani DeCaria 0-0: Called Strike
0-1: SINGLE (Groundball, 6M, EV 110.0 MPH) (infield hit)
Batting: RHB Orion Rivera 0-0: Ball
1-0: Called Strike
1-1: Ball
2-1: Ball
3-1: Base on Balls
Jovani DeCaria to second
Batting: LHB Uriah Kringen 0-0: Fly out, F8 (Flyball, 8LXD, EV 92.5 MPH)
Runner from 2nd tags up, SAFE at 3rd, no throw by CF
Batting: RHB Kyle Fielding 0-0: Ball
1-0: Fly out, F8 (Line Drive, 8RD, EV 96.9 MPH)
Bottom of the 1st over - 0 runs, 1 hit, 0 errors, 2 left on base; Mobile 0 - Belle River 0
TOP OF THE 2ND
Mobile Minotaurs batting - Pitching for Belle River Bombers : RHP Canard Bernard
Batting: SHB Cody Price 0-0: Fly out, F7 (Flyball, 7, EV 75.6 MPH)
Batting: RHB Charles Laurent 0-0: Called Strike
0-1: Ball
1-1: Called Strike
1-2: Strikes out looking
Batting: SHB Mitch Deal 0-0: Foul Ball, location: 2F
0-1: Called Strike
0-2: Ball
1-2: Ground out 4-3 (Groundball, 4, EV 87.5 MPH)
Top of the 2nd over - 0 runs, 0 hits, 0 errors, 0 left on base; Mobile 0 - Belle River 0
BOTTOM OF THE 2ND
Belle River Bombers batting - Pitching for Mobile Minotaurs : RHP Mark Kenney
Batting: RHB Mitchell Shook 0-0: Ball
1-0: Called Strike
1-1: Ball
2-1: Ball
3-1: Called Strike
3-2: SINGLE (Line Drive, 78S, EV 100.6 MPH)
Batting: RHB Cody Link 0-0: Ball
1-0: Swinging Strike
1-1: Ball
2-1: Ball
3-1: Foul Ball, location: 2F
3-2: Base on Balls
Mitchell Shook to second
Batting: LHB Damir Clifford 0-0: Ball
1-0: Foul Ball, location: 2F
1-1: Fly out, F5 (Popup, 5F, EV 66.2 MPH)
Batting: LHB Leroy Sanderson 0-0: Foul Ball, location: 2F
0-1: Ball
1-1: Ball
2-1: SINGLE (Groundball, 4MD, EV 94.4 MPH)
Mitchell Shook to third
Cody Link to second
Runner from 3rd tries for Home, SAFE, throw by CF to home
Batting: RHB Ny Medrano 0-0: Ball
1-0: Ball
2-0: Ball
3-0: Base on Balls
Cody Link to third
Leroy Sanderson to second
Batting: RHB Jovani DeCaria 0-0: Called Strike
0-1: GRAND SLAM HOME RUN (Flyball, 78XD, EV 98.1 MPH), Distance : 392 ft
Batting: RHB Orion Rivera 0-0: Called Strike
0-1: Ball
1-1: Ball
2-1: Foul Ball, location: 2F
2-2: Ball
3-2: Foul Ball, location: 2F
3-2: Base on Balls
Batting: LHB Uriah Kringen 0-0: Called Strike
0-1: Ball
1-1: Fielders Choice at 2nd, 5-4 (Groundball, 25, EV 85.0 MPH)
Batting: RHB Kyle Fielding 0-0: Ball
Uriah Kringen steals 2nd base
1-0: Swinging Strike
1-1: Ball
2-1: Ball
3-1: Swinging Strike
3-2: Strikes out looking
Bottom of the 2nd over - 5 runs, 3 hits, 0 errors, 1 left on base; Mobile 0 - Belle River 5
TOP OF THE 3RD
Mobile Minotaurs batting - Pitching for Belle River Bombers : RHP Canard Bernard
Batting: RHB Clay Jackson 0-0: Called Strike
0-1: Ball
1-1: SINGLE (Line Drive, 6D, EV 99.4 MPH)
Batting: LHB Dezmyn Kayeeda 0-0: Called Strike
Clay Jackson is caught stealing 2nd base 2-6
0-1: Swinging Strike
0-2: Fly out, F9 (Line Drive, 89M, EV 98.1 MPH)
Batting: SHB Peyton Eckstein 0-0: Ball
1-0: Swinging Strike
1-1: Called Strike
1-2: Strikes out swinging
Top of the 3rd over - 0 runs, 1 hit, 0 errors, 0 left on base; Mobile 0 - Belle River 5
BOTTOM OF THE 3RD
Belle River Bombers batting - Pitching for Mobile Minotaurs : RHP Mark Kenney
Pitching: RHP Drew Shumate
Batting: RHB Mitchell Shook 0-0: Ball
1-0: Swinging Strike
1-1: Fly out, F9 (Flyball, 89S, EV 90.0 MPH)
Batting: RHB Cody Link 0-0: Ball
1-0: Ball
2-0: Ball
3-0: Base on Balls
Batting: LHB Damir Clifford 0-0: Ball
1-0: Ball
2-0: Foul Ball, location: 2F
2-1: Called Strike
2-2: Foul Ball, location: 2F
2-2: Foul Ball, location: 2F
2-2: Fly out, F7 (Flyball, 78M, EV 85.6 MPH)
Batting: LHB Leroy Sanderson 0-0: Fly out, F9 (Flyball, 9LD, EV 96.9 MPH)
Bottom of the 3rd over - 0 runs, 0 hits, 0 errors, 1 left on base; Mobile 0 - Belle River 5
TOP OF THE 4TH
Mobile Minotaurs batting - Pitching for Belle River Bombers : RHP Canard Bernard
Batting: LHB Gerard Labdouni 0-0: Called Strike
0-1: Ball
1-1: Swinging Strike
1-2: Strikes out swinging
Batting: LHB Mel Detwiler 0-0: Ball
1-0: Ball
2-0: Fly out, F8 (Flyball, 8RXD, EV 100.0 MPH)
Batting: RHB Dennis McCoy 0-0: Ball
1-0: Called Strike
1-1: Called Strike
1-2: Foul Ball, location: 2F
1-2: Ball
2-2: Foul Ball, location: 2F
2-2: Foul Ball, location: 2F
2-2: Ball
3-2: Foul Ball, location: 2F
3-2: SINGLE (Groundball, 4D, EV 97.5 MPH)
Batting: SHB Cody Price 0-0: Foul Ball, location: 2F
0-1: Fielders Choice at 2nd, U4 (Groundball, 4M, EV 105.0 MPH)
Top of the 4th over - 0 runs, 1 hit, 0 errors, 1 left on base; Mobile 0 - Belle River 5
BOTTOM OF THE 4TH
Belle River Bombers batting - Pitching for Mobile Minotaurs : RHP Drew Shumate
Batting: RHB Ny Medrano 0-0: Ball
1-0: Fly out, F9 (Flyball, 89S, EV 85.0 MPH)
Batting: RHB Jovani DeCaria 0-0: Ball
1-0: Foul Ball, location: 2F
1-1: Called Strike
1-2: Ball
2-2: Ball
3-2: Ground out U3 (Groundball, 34S, EV 61.9 MPH)
Batting: RHB Orion Rivera 0-0: SINGLE (Groundball, 6MD, EV 103.8 MPH)
Batting: LHB Uriah Kringen 0-0: Ball
1-0: DOUBLE (Line Drive, 89M, EV 100.0 MPH)
Orion Rivera to third
Runner from 3rd tries for Home, SAFE, throw by RF to home
Batting: RHB Kyle Fielding 0-0: Fly out, F7 (Flyball, 7S, EV 87.5 MPH)
Bottom of the 4th over - 1 run, 2 hits, 0 errors, 1 left on base; Mobile 0 - Belle River 6
TOP OF THE 5TH
Mobile Minotaurs batting - Pitching for Belle River Bombers : RHP Canard Bernard
Batting: RHB Charles Laurent 0-0: Ball
1-0: Called Strike
1-1: Ground out 6-3 (Groundball, P, EV 80.6 MPH)
Batting: SHB Mitch Deal 0-0: Ball
1-0: Ball
2-0: Called Strike
2-1: SOLO HOME RUN (Flyball, 89XD, EV 99.4 MPH), Distance : 407 ft
Batting: RHB Clay Jackson 0-0: Ball
1-0: Ground out 5-3 (Groundball, 56, EV 100.0 MPH)
Batting: LHB Dezmyn Kayeeda 0-0: Ball
1-0: Ground out U3 (Groundball, 13, EV 80.0 MPH)
Top of the 5th over - 1 run, 1 hit, 0 errors, 0 left on base; Mobile 1 - Belle River 6
BOTTOM OF THE 5TH
Belle River Bombers batting - Pitching for Mobile Minotaurs : RHP Drew Shumate
Batting: RHB Mitchell Shook 0-0: Ball
1-0: Foul Ball, location: 2F
1-1: Foul Ball, location: 2F
1-2: Ground out 1-3 (Groundball, 13S, EV 69.4 MPH)
Batting: RHB Cody Link 0-0: Swinging Strike
0-1: Ground out 4-3 (Groundball, 4, EV 88.8 MPH)
Batting: LHB Damir Clifford 0-0: Called Strike
0-1: Ball
1-1: Fly out, F7 (Flyball, 7S, EV 90.6 MPH)
Bottom of the 5th over - 0 runs, 0 hits, 0 errors, 0 left on base; Mobile 1 - Belle River 6
TOP OF THE 6TH
Mobile Minotaurs batting - Pitching for Belle River Bombers : RHP Canard Bernard
Batting: SHB Peyton Eckstein 0-0: Called Strike
0-1: Ball
1-1: Swinging Strike
1-2: Ground out 6-3 (Groundball, 6, EV 100.0 MPH)
Batting: LHB Gerard Labdouni 0-0: Ball
1-0: Ball
2-0: Fly out, F6 (Popup, 6, EV 74.4 MPH)
Batting: LHB Mel Detwiler 0-0: Ball
1-0: Ball
2-0: Called Strike
2-1: Swinging Strike
2-2: Foul Ball, location: 2F
2-2: Ball
3-2: Base on Balls
Batting: RHB Dennis McCoy 0-0: Ball
1-0: Called Strike
1-1: Foul Ball, location: 2F
1-2: Ground out 1-3 (Groundball, 34S, EV 68.8 MPH)
Top of the 6th over - 0 runs, 0 hits, 0 errors, 1 left on base; Mobile 1 - Belle River 6
BOTTOM OF THE 6TH
Belle River Bombers batting - Pitching for Mobile Minotaurs : RHP Drew Shumate
Batting: LHB Leroy Sanderson 0-0: Fly out, F8 (Flyball, 8LD, EV 93.1 MPH)
Batting: RHB Ny Medrano 0-0: Ball
1-0: Foul Ball, location: 2F
1-1: Ball
2-1: Ball
3-1: Base on Balls
Batting: RHB Jovani DeCaria 0-0: SINGLE (Flyball, 89S, EV 85.0 MPH)
Ny Medrano to second
Throwing error, E8
Ny Medrano scores
Jovani DeCaria to second
Batting: RHB Orion Rivera 0-0: Ball
1-0: Ball
2-0: Fly out, F4 (Popup, 3D, EV 58.1 MPH)
Batting: LHB Uriah Kringen 0-0: Ball
1-0: Foul Ball, location: 2F
1-1: Ground out U3 (Groundball, 3S, EV 92.5 MPH)
Bottom of the 6th over - 1 run, 1 hit, 1 error, 1 left on base; Mobile 1 - Belle River 7
TOP OF THE 7TH
Mobile Minotaurs batting - Pitching for Belle River Bombers : RHP Canard Bernard
Pitching: RHP Emmet Watson
Batting: SHB Cody Price 0-0: SINGLE (Groundball, 23, EV 64.4 MPH) (infield hit)
Batting: RHB Charles Laurent 0-0: Ball
1-0: Foul Ball, location: 2F
1-1: Ball
2-1: Ball
3-1: Foul Ball, location: 2F
3-2: Base on Balls
Cody Price to second
Batting: SHB Mitch Deal 0-0: Swinging Strike
0-1: Ball
1-1: Ball
2-1: Ball
3-1: Base on Balls
Cody Price to third
Charles Laurent to second
Pinch Hitting: LHB Deven Kincer 0-0: Ball
1-0: Ball
Wild Pitch!
Cody Price scores
Charles Laurent to third
Mitch Deal to second
2-0: Ball
3-0: Called Strike
3-1: Swinging Strike
3-2: Base on Balls
Batting: LHB Dezmyn Kayeeda 0-0: Ball
1-0: Ball
2-0: Ball
3-0: Foul Ball, location: 2F
3-1: Foul Ball, location: 2F
3-2: Base on Balls
Charles Laurent scores
Mitch Deal to third
Deven Kincer to second
Batting: SHB Peyton Eckstein 0-0: Called Strike
0-1: Ball
1-1: Ball
2-1: Foul Ball, location: 2F
2-2: Foul Ball, location: 2F
2-2: Ball
3-2: Fielders Choice at 2nd, 4-6 (Groundball, 4, EV 80.6 MPH)
Mitch Deal scores
Deven Kincer to third
Pitching: RHP Josiah Scaggs
Batting: LHB Gerard Labdouni 0-0: Ball
1-0: Ball
2-0: 3-RUN HOME RUN (Flyball, 9LD, EV 95.0 MPH), Distance : 339 ft
Batting: LHB Mel Detwiler 0-0: Ball
1-0: Ground out 6-3 (Groundball, 6, EV 91.9 MPH)
Batting: RHB Dennis McCoy 0-0: Ball
1-0: Called Strike
1-1: Ball
2-1: Called Strike
2-2: Foul Ball, location: 2F
2-2: Strikes out swinging
Top of the 7th over - 6 runs, 2 hits, 0 errors, 0 left on base; Mobile 7 - Belle River 7
BOTTOM OF THE 7TH
Belle River Bombers batting - Pitching for Mobile Minotaurs : RHP Drew Shumate
Now at 2B: Mace Yatsko
Batting: RHB Kyle Fielding 0-0: Ball
1-0: Swinging Strike
1-1: Ball
2-1: Called Strike
2-2: Ball
3-2: Ground out 5-3 (Groundball, 5S, EV 75.6 MPH)
Batting: RHB Mitchell Shook 0-0: Ball
1-0: Ball
2-0: Ball
3-0: Base on Balls
Batting: RHB Cody Link 0-0: Ball
1-0: Fielders Choice at 2nd, 4-6 (Groundball, 4, EV 87.5 MPH)
Pinch Hitting: RHB J.C. Rico 0-0: Swinging Strike
0-1: Swinging Strike
0-2: Ball
1-2: Foul Ball, location: 2F
1-2: Strikes out swinging
Bottom of the 7th over - 0 runs, 0 hits, 0 errors, 1 left on base; Mobile 7 - Belle River 7
TOP OF THE 8TH
Mobile Minotaurs batting - Pitching for Belle River Bombers : RHP Josiah Scaggs
Now at 2B: Corbin Schutte
Batting: SHB Cody Price 0-0: Ball
1-0: SINGLE (Groundball, 34D, EV 107.5 MPH)
Batting: RHB Charles Laurent 0-0: Ball
1-0: Fly out, F2 (Popup, 2RF, EV 90.0 MPH)
Batting: SHB Mitch Deal 0-0: Ball
1-0: Called Strike
1-1: Fly out, F9 (Flyball, 9, EV 91.9 MPH)
Pinch Hitting: LHB Barry Bramell 0-0: Ball
1-0: Called Strike
Cody Price is caught stealing 2nd base 2-6
Top of the 8th over - 0 runs, 1 hit, 0 errors, 0 left on base; Mobile 7 - Belle River 7
BOTTOM OF THE 8TH
Belle River Bombers batting - Pitching for Mobile Minotaurs : RHP Drew Shumate
Now at 2B: Garrick Jenkins
Batting: LHB Leroy Sanderson 0-0: Fly out, F8 (Flyball, 8LD, EV 95.0 MPH)
Batting: RHB Ny Medrano 0-0: Called Strike
0-1: Ball
1-1: Ball
2-1: Ball
3-1: Ground out 5-3 (Groundball, 56, EV 103.8 MPH)
Batting: RHB Jovani DeCaria 0-0: Ball
1-0: Ball
2-0: Ball
3-0: Called Strike
3-1: Base on Balls
Pitching: LHP Bryce Fell
Batting: RHB Orion Rivera 0-0: Called Strike
0-1: Ball
1-1: Ground out 1-3 (Groundball, 13S, EV 66.9 MPH)
Bottom of the 8th over - 0 runs, 0 hits, 0 errors, 1 left on base; Mobile 7 - Belle River 7
TOP OF THE 9TH
Mobile Minotaurs batting - Pitching for Belle River Bombers : RHP Josiah Scaggs
Pitching: RHP Lindsey Benavidez
Batting: RHB Garrick Jenkins 0-0: Foul Ball, location: 2F
0-1: Ball
1-1: Fly out, F7 (Flyball, 78D, EV 109.4 MPH)
Batting: LHB Dezmyn Kayeeda 0-0: Called Strike
0-1: Ball
1-1: Ball
2-1: Swinging Strike
2-2: Ball
3-2: Strikes out swinging
Batting: SHB Peyton Eckstein 0-0: Called Strike
0-1: Swinging Strike
0-2: Ball
1-2: Fly out, F9 (Flyball, 9LM, EV 91.2 MPH)
Top of the 9th over - 0 runs, 0 hits, 0 errors, 0 left on base; Mobile 7 - Belle River 7
BOTTOM OF THE 9TH
Belle River Bombers batting - Pitching for Mobile Minotaurs : LHP Bryce Fell
Batting: LHB Uriah Kringen 0-0: Ball
1-0: Foul Ball, location: 2F
1-1: Foul Ball, location: 2F
1-2: Fly out, F8 (Line Drive, 8RM, EV 94.4 MPH)
Batting: RHB Kyle Fielding 0-0: Ball
1-0: Ball
2-0: Ball
3-0: Called Strike
3-1: Foul Ball, location: 2F
3-2: SOLO HOME RUN (Flyball, 78XD, EV 101.9 MPH), Distance : 406 ft
Bottom of the 9th over - 1 run, 1 hit, 0 errors, 0 left on base; Mobile 7 - Belle River 8
Monday, April 29th , 2024 - OOTP Baseball 23.10 Build 110